 Dungeon Crawl Stone Soup version 0.30.1-9-gdf580d7c3d (webtiles) character file.

Game seed: 16508843086520694317

1306 Wiggles the Cleaver (level 8, 0/70 HPs)
             Began as a Minotaur Berserker on Oct 11, 2023.
             Was a Priest of Trog.
             Slain by a gnoll bouda
             ... wielding a +0 club
              (7 damage)
             ... on level 5 of the Dungeon.
             The game lasted 00:07:19 (4261 turns).

Wiggles the Cleaver (Minotaur Berserker)            Turns: 4261, Time: 00:07:19

Health: 0/70       AC:  7    Str: 24    XL:     8   Next: 32%
Magic:  7/7        EV: 11    Int:  4    God:    Trog [***...]
Gold:   58         SH:  3    Dex: 10    Spells: 7/7 levels left

rFire   + . .        y - +3 hand axe
rCold   . . .        g - +0 buckler
rNeg    . . .        n - +0 ring mail
rPois   .            (helmet restricted)
rElec   .            (no cloak)
rCorr   .            x - +0 pair of gloves
SInv    .            (no boots)
Will    .....        (no amulet)
Stlth   +            i - ring of protection from fire
HPRegen 0.31/turn    (no ring)
MPRegen 0.10/turn

%: no passive effects
@: on berserk cooldown, slowed, very slow
A: horns 2, retaliatory headbutt
a: Renounce Religion, Berserk, Trog's Hand


You were on level 5 of the Dungeon.
You worshipped Trog.
Trog was most pleased with you.
You visited 1 branch of the dungeon, and saw 5 of its levels.

You collected 226 gold pieces.
You spent 168 gold pieces at shops.

Inventory:

Hand Weapons
 y - a +3 hand axe (weapon)
Armour
 g - a +0 buckler (worn)
 n - a +0 ring mail (worn)
 x - a +0 pair of gloves (worn)
Jewellery
 i - a ring of protection from fire (left hand)
 t - a ring of magical power
Scrolls
 b - 2 scrolls of fear {unknown}
 c - 2 scrolls of amnesia {unknown}
 d - 2 scrolls of vulnerability {unknown}
 h - a scroll of torment {unknown}
 j - 2 scrolls of silence {unknown}
 k - a scroll of noise {unknown}
 l - a scroll of enchant weapon {unknown}
 p - a scroll of identify {unknown}
 q - a scroll of teleportation {unknown}
 v - 2 scrolls of magic mapping {unknown}
 w - a scroll of blinking {unknown}
Potions
 e - 3 potions of attraction {unknown}
 f - 3 potions of flight {unknown}
 m - a potion of invisibility {unknown}
 o - a potion of lignification {unknown}
 r - a potion of ambrosia {unknown}
 s - a potion of brilliance {unknown}
 u - 2 potions of heal wounds {unknown}
 z - a potion of mutation {unknown}


   Skills:
 + Level 6.3 Fighting
 + Level 9.0 Axes
 + Level 5.9 Armour
 + Level 4.2 Dodging
 + Level 1.2 Stealth
 + Level 1.1 Shields


You had 7 spell levels left.
You didn't know any spells.
Your spell library was empty.

Dungeon Overview and Level Annotations

Branches:
Dungeon (5/15)
 Temple: D:4-7

Altars:
Gozag
Zin

Shops:
D:2 ((


Innate Abilities, Weirdness & Mutations

You have a pair of horns on your head.
You reflexively headbutt those who attack you in melee.


Message History

You are no longer berserk.
You are exhausted.
You feel yourself slow down. The orc barely misses you.
You closely miss the gnoll. You hit the gnoll. x2; You hit the orc.
You closely miss the gnoll bouda.
Your attacks no longer feel as feeble.
You block the gnoll's attack. The gnoll closely misses you.
You furiously retaliate!
You headbutt the gnoll. The gnoll hits you but does no damage.
You block the gnoll's attack. The gnoll misses you.
The gnoll bouda barks out a call to the hunt!
The gnolls pick up the pace!
The gnoll hits you with a +0 flail! The gnoll bouda misses you.
The gnoll hits you with a +0 spear. The gnoll completely misses you.
The gnoll hits you from afar with a +0 halberd.
The orc barely misses you.
You hit the gnoll.
The gnoll is heavily wounded.
You hit the orc.
You kill the orc!
Trog accepts your kill.
You hit the gnoll bouda. You hit the gnoll but do no damage.
You closely miss the gnoll. The gnoll hits you with a +0 flail!
The gnoll bouda calls upon its god to heal the gnoll.
The gnoll's wounds heal themselves!
You block the gnoll's attack.
The gnoll hits you from afar with a +0 halberd!
* * * LOW HITPOINT WARNING * * *
The gnoll barely misses you. The gnoll hits you with a +0 flail!
* * * LOW HITPOINT WARNING * * *
You slash the gnoll!
You kill the gnoll!
Trog accepts your kill.
You hit the gnoll bouda but do no damage.
You hit the gnoll. x2
A scorpion comes into view.
You block the gnoll's attack. The gnoll barely misses you.
The gnoll hits you from afar with a +0 halberd.
* * * LOW HITPOINT WARNING * * *
The gnoll bouda hits you with a +0 club!
You die...

##########
.....lS@g#
##....gg.g#
#........g..s
#.$.).......##
#..........##
#...........
#.....$.....#
##.....>..#..


You could see a gnoll bouda, a scorpion, an iguana, 4 gnolls and an adder.

Vanquished Creatures
  The ghost of laqueoix the Cleaver, a novice HOFi (D:4)
  Menkaure (D:4)
  A water moccasin (D:4)
  A black bear (D:4)
  A phantom (D:4)
  A bullfrog zombie (D:4)
  A hound (D:4)
  A jelly (D:4)
  An orc priest (D:4)
  A centaur skeleton (D:4)
  2 iguanas (D:4)
  A bullfrog skeleton (D:4)
  2 orc wizards (D:4)
  3 gnolls
  A howler monkey skeleton (D:4)
  5 adders
  5 worms
  5 dart slugs
  9 orcs
  5 ball pythons
  9 endoplasms
  6 giant cockroaches
  9 goblins
  3 hobgoblins
  A quokka (D:3)
  7 bats
  A frilled lizard (D:1)
  12 kobolds
  4 rats
100 creatures vanquished.

Notes
Turn   | Place    | Note
-------+----------+-------------------------------------------
     0 | D:1      | Wiggles the Minotaur Berserker began the quest for the Orb.
     0 | D:1      | Reached XP level 1. HP: 19/19 MP: 0/0
   119 | D:1      | Reached skill level 4 in Axes
   119 | D:1      | Reached XP level 2. HP: 27/27 MP: 1/1
   875 | D:2      | Reached XP level 3. HP: 7/33 MP: 2/2
  1014 | D:2      | Found Oceel's Antique Weapon Boutique.
  1533 | D:2      | Found Qiebbaj's Antique Weapon Shoppe.
  1700 | D:2      | Reached ** piety under Trog
  1701 | D:2      | Reached skill level 5 in Axes
  1706 | D:2      | Reached XP level 4. HP: 38/40 MP: 3/3
  2125 | D:3      | Found an opulent altar of Gozag.
  2126 | D:3      | Found a glowing silver altar of Zin.
  2416 | D:3      | Found a faded altar of an unknown god.
  2821 | D:4      | Reached XP level 5. HP: 47/47 MP: 4/4
  2959 | D:4      | Noticed a water moccasin
  2967 | D:4      | Killed a water moccasin
  2968 | D:4      | Reached skill level 6 in Axes
  2973 | D:4      | Reached XP level 6. HP: 55/55 MP: 5/5
  3080 | D:4      | Reached skill level 5 in Fighting
  3117 | D:4      | Found a runed translucent gate.
  3117 | D:4      | Found a runed translucent gate.
  3119 | D:4      | Found a runed translucent gate.
  3343 | D:4      | Noticed Menkaure
  3352 | D:4      | Killed Menkaure
  3353 | D:4      | Reached skill level 7 in Axes
  3353 | D:4      | Reached skill level 1 in Shields
  3353 | D:4      | Reached XP level 7. HP: 36/61 MP: 6/6
  3481 | D:4      | Reached *** piety under Trog
  3486 | D:4      | Reached skill level 5 in Armour
  3919 | D:4      | Noticed laqueoix's ghost (novice HOFi)
  3930 | D:4      | Reached skill level 8 in Axes
  3934 | D:4      | Reached skill level 1 in Stealth
  3937 | D:4      | Killed laqueoix's ghost
  3938 | D:4      | Reached skill level 9 in Axes
  3938 | D:4      | Reached XP level 8. HP: 56/70 MP: 7/7
  4151 | D:2      | Bought a glowing hand axe for 168 gold pieces
  4253 | D:5      | Entered Level 5 of the Dungeon
  4261 | D:5      | Slain by a gnoll bouda

Illustrated notes

Levels and vault maps discovered:
D:1:      lemuel_arrival_behind_the_door_large, layout_loops_corners
D:2:      minmay_chambers_of_twos, layout_basic, serial_shops,
          nicolae_shop_tiny_waterfront, shop
D:3:      minmay_general_purpose_star, layout_basic,
          grunt_temple_overflow_gold_and_silver,
          shapermc_ecumenical_altar_ellora
D:4:      layout_cave_pods, gammafunk_ghost_necromancy, uniq_menkaure
D:5:      layout_rooms, nicolae_ru_great_annihilating_truth, eino_tiny_chamber,
          uniq_ijyb

Skill      XL: |  1  2  3  4  5  6  7 |
---------------+----------------------+-----
Axes           | 4 5 6 7 9 |  9.0
Fighting       | 4 5 6 |  6.3
Armour         | 3 4 5 |  5.9
Dodging        | 3 4 |  4.2
Shields        | 1 |  1.1
Stealth        | 1 |  1.2

Action                     |  1- 3 |  4- 6 |  7- 9 || total
---------------------------+-------+-------+-------++-------
  Melee: Hand axe          |    93 |   123 |    29 ||   245
         Headbutt          |    11 |    14 |     8 ||    33
 Invoke: Berserk           |       |     2 |     2 ||     4
 Armour: Animal skin       |     4 |       |       ||     4
         Leather armour    |     1 |       |       ||     1
         Ring mail         |    12 |    46 |    23 ||    81
  Dodge: Dodged            |    54 |    60 |    28 ||   142
  Block: Buckler           |     3 |     9 |     8 ||    20
